 Dungeon Crawl Stone Soup version 0.30.1-11-g7821555f0a (webtiles) character file.

Game seed: 5867542705552201189

11531 sizableburger the Protected (level 11, -3/67 HPs)
             Began as a Deep Elf Berserker on Dec 11, 2023.
             Was a High Priest of Trog.
             Slain by a komodo dragon (23 damage)
             ... on level 10 of the Dungeon.
             The game lasted 00:35:10 (12314 turns).

sizableburger the Protected (Deep Elf Berserker)   Turns: 12314, Time: 00:35:11

Health: -3/67      AC: 21    Str: 20    XL:     11   Next: 50%
Magic:  13/13      EV: 11    Int: 13    God:    Trog [*****.]
Gold:   823        SH:  0    Dex: 18    Spells: 10/10 levels left

rFire   + . .        H - +5 great sword
rCold   x . .        (shield currently unavailable)
rNeg    . . .        f - +0 chain mail
rPois   .            q - +1 helmet
rElec   .            (no cloak)
rCorr   .            p - +2 pair of gloves
SInv    .            u - +1 pair of boots
Will    +....        r - amulet of the acrobat Stlth
                     s - ring of fire
HPRegen 0.31/turn    E - +6 ring of strength
MPRegen 0.13/turn

%: acrobat
@: studying 2 skills
A: no striking features
a: Renounce Religion, Berserk, Trog's Hand, Brothers in Arms


You were on level 10 of the Dungeon.
You worshipped Trog.
Trog was extremely pleased with you.
You visited 1 branch of the dungeon, and saw 10 of its levels.
You also visited: Sewer and Bailey.

You collected 1759 gold pieces.
You spent 936 gold pieces at shops.

Inventory:

Hand Weapons
 x - the +5 triple crossbow "Viyddeist" {heavy, rElec Dex-3 SInv Stlth+}
   (You found it in a bailey)

   Dex:       It affects your dexterity (-3).
   rElec:     It insulates you from electricity.
   SInv:      It lets you see invisible.
   Stlth:     It makes you more stealthy.
 H - a +5 great sword (weapon)
 J - a +1 triple sword of flaming
 K - the +2 triple sword "Niut" {vamp, rPois rC+ MP-9 Dex+2}
   (You found it in a bailey)

   Dex:       It affects your dexterity (+2).
   rC:        It protects you from cold.
   rPois:     It protects you from poison.
   MP:        It affects your magic capacity (-9).
 M - a +3 scimitar of flaming
Missiles
 v - 3 curare-tipped darts (quivered)
 D - 18 boomerangs of dispersal
Armour
 b - a +0 animal skin
 f - a +0 chain mail (worn)
 p - a +2 pair of gloves (worn)
 q - a +1 helmet (worn)
 u - a +1 pair of boots (worn)
Jewellery
 c - a ring of positive energy
 n - a ring of ice
 r - an amulet of the acrobat (around neck)
 s - a ring of fire (left hand)
 E - a +6 ring of strength (right hand)
 F - a +4 ring of protection
Wands
 y - a wand of light (7)
 z - a wand of mindburst (3)
 I - a wand of polymorph (4)
 N - a wand of charming (1)
Scrolls
 d - a scroll of magic mapping
 e - 2 scrolls of teleportation
 g - a scroll of poison
 t - 4 scrolls of vulnerability
 B - 4 scrolls of amnesia
 C - a scroll of fog
 G - 7 scrolls of identify
Potions
 a - 3 potions of haste
 h - 2 potions of mutation
 i - a potion of resistance
 j - 3 potions of might
 l - a potion of curing
 m - 4 potions of attraction
 o - a potion of ambrosia
 w - 2 potions of magic
 A - a potion of invisibility
 L - a potion of lignification
 O - a potion of berserk rage {unknown}


   Skills:
 + Level 7.6 Fighting
 + Level 11.2 Long Blades
 - Level 7.5 Ranged Weapons
 + Level 12.1 Armour
 - Level 4.5 Dodging


You had 10 spell levels left.
You didn't know any spells.
Your spell library was empty.

Dungeon Overview and Level Annotations

Branches:
Dungeon (10/15)            Temple (0/1) D:6           Sewer (visited)
 Bailey (visited)
   Lair: D:8-11         Orc: D:9-12

Altars:
Cheibriados
Dithmenos
Gozag
Makhleb
Nemelex Xobeh
Trog
Wu Jian
The Shining One

Shops:
D:6 =


Message History

The frilled lizard bites you but does no damage. x2
You hit the komodo dragon.
The komodo dragon is heavily wounded.
The komodo dragon bites you!
The frilled lizard bites you but does no damage.
The frilled lizard barely misses you.
You slash the komodo dragon!
The komodo dragon is severely wounded.
The komodo dragon bites you but does no damage.
The komodo dragon bites you.
The frilled lizard closely misses you. x2
You completely miss the komodo dragon.
The komodo dragon is severely wounded.
The komodo dragon bites you!
* * * LOW HITPOINT WARNING * * *
The komodo dragon closely misses you. The frilled lizard misses you.
The frilled lizard bites you but does no damage.
You are too injured to fight recklessly!
You are too injured to fight recklessly!
You are too injured to fight recklessly!
You are too injured to fight recklessly!
You are too injured to fight recklessly!
You are too injured to fight recklessly!
You are too injured to fight recklessly!
You are too injured to fight recklessly!
You are too injured to fight recklessly!
You are too injured to fight recklessly!
You are too injured to fight recklessly!
You are too injured to fight recklessly!
You are too injured to fight recklessly!
You slice the frilled lizard!!
You kill the frilled lizard!
Trog accepts your kill.
The komodo dragon completely misses you.
The komodo dragon barely misses you.
The frilled lizard bites you but does no damage.
You closely miss the frilled lizard. The komodo dragon closely misses you.
The komodo dragon bites you but does no damage.
The frilled lizard misses you. The komodo dragon closely misses you.
The komodo dragon bites you!!
You die...

#....... ##
#....... .#
#......> .#
#....... .#
#.(..... .#####
#.......
###..##≈#
#.......
#.#l###≈#
####+#.. ###~
#l@†##≈≈#
#....#..
...~~#l####≈≈#
#....#..
...ll≈lll≈~≈≈≈#
#....'..
..##~≈≈≈≈.....#
#....#..
#~#≈≈#.###.#
#....#..
#~~####.# #.##
#....#.. #~ #.#
#.†########.. #
..#
#......[.....
.##
#.#..........


You could see 2 komodo dragons and 3 frilled lizards.

Vanquished Creatures
  A two-headed ogre (D:8)
  Erica (D:10)
  Pikel (D:7)
  Joseph (D:7)
  Psyche (D:10)
  2 komodo dragons (D:10)
  Grinder (Sewer)
  18 yaks
  A wraith (D:7)
  5 steam dragons
  An acid dragon (D:10)
  A water moccasin (D:7)
  An ice beast (D:8)
  9 orc warriors
  A sky beast (D:7)
  An ogre (D:5)
  2 centaurs
  A lemure (D:7)
  3 phantoms
  9 kobold brigands
  2 gnoll sergeants
  3 scorpions
  12 wights
  11 killer bees
  4 howler monkeys
  3 hounds
  5 orc priests
  A jelly (D:6)
  A gnoll bouda (D:7)
  4 iguanas
  8 orc wizards
  18 gnolls
  5 adders
  10 shadow imps
  3 ufetubi (Sewer)
  An adder zombie (Sewer)
  4 worms
  3 dart slugs
  45 orcs
  4 endoplasms
  7 giant cockroaches
  12 goblins
  9 hobgoblins
  4 jackals
  4 quokkas
  7 ball pythons
  3 bats
  11 frilled lizards
  A giant cockroach zombie (Sewer)
  35 kobolds
  8 rats
309 creatures vanquished.

Vanquished Creatures (collateral kills)
  An orc knight (Bailey)
  An orc (Bailey)
2 creatures vanquished.

Grand Total: 311 creatures vanquished

Notes
Turn   | Place    | Note
-------+----------+-------------------------------------------
     0 | D:1      | sizableburger the Deep Elf Berserker began the quest for
                  | the Orb.
     0 | D:1      | Reached XP level 1. HP: 13/13 MP: 3/3
   234 | D:1      | Reached XP level 2. HP: 15/18 MP: 4/4
  1224 | D:2      | Reached XP level 3. HP: 21/22 MP: 5/5
  1372 | D:2      | HP: 1/22 [hobgoblin (1)]
  1486 | D:2      | Reached ** piety under Trog
  1609 | D:2      | Identified the +10 short sword "Ziavowk" {protect, Int+2
                  | SInv}
  2154 | D:3      | Reached XP level 4. HP: 15/28 MP: 6/6
  2833 | D:3      | Found a faded altar of an unknown god.
  3247 | D:3      | Identified a scroll of acquirement
  3260 | D:3      | Reached XP level 5. HP: 19/32 MP: 7/7
  3396 | D:3      | Acquired a manual of Armour
  3663 | D:4      | Found a shadowy altar of Dithmenos.
  3735 | D:4      | Found a sparkling altar of Nemelex Xobeh.
  3752 | D:4      | Reached skill level 2 in Armour
  3809 | D:4      | Reached XP level 6. HP: 35/38 MP: 8/8
  3868 | D:4      | Found a snail-covered altar of Cheibriados.
  3981 | D:4      | Reached *** piety under Trog
  4273 | D:5      | Entered Level 5 of the Dungeon
  4301 | D:5      | Identified the +1 robe "Quloyhiy" {rPois Regen+ MP-9 Dex+3}
  4600 | D:5      | Found a burning altar of Makhleb.
  4611 | D:5      | Reached skill level 3 in Armour
  4705 | D:4      | Reached XP level 7. HP: 39/43 MP: 9/9
  4725 | D:5      | Reached skill level 4 in Armour
  4818 | D:4      | Reached skill level 5 in Long Blades
  5185 | D:6      | Reached skill level 5 in Armour
  5291 | D:6      | Found Xestegat's Jewellery Shoppe.
  5368 | D:6      | Found a staircase to the Ecumenical Temple.
  5385 | D:6      | Found a glowing drain.
  5408 | Sewer    | Entered a sewer
  5526 | Sewer    | Reached **** piety under Trog
  5657 | Sewer    | Noticed Grinder
  5671 | Sewer    | Reached skill level 6 in Armour
  5671 | Sewer    | Reached XP level 8. HP: 48/48 MP: 10/10
  5708 | Sewer    | Paralysed by Grinder for 5 turns
  5716 | Sewer    | Killed Grinder
  5717 | Sewer    | Reached skill level 7 in Armour
  5750 | Sewer    | Found an ancient bone altar of Kikubaaqudgha.
  6095 | D:6      | Found a bloodstained altar of Trog.
  6438 | D:7      | Reached skill level 8 in Armour
  6491 | D:7      | Noticed Joseph
  6512 | D:7      | Killed Joseph
  6513 | D:7      | Reached XP level 9. HP: 52/52 MP: 11/11
  6619 | D:7      | Reached skill level 9 in Armour
  6619 | D:7      | Noticed Pikel
  6641 | D:7      | Killed Pikel
  6811 | D:7      | Reached ***** piety under Trog
  6835 | D:7      | Reached skill level 10 in Armour
  7609 | D:8      | Noticed a two-headed ogre
  7623 | D:8      | Killed a two-headed ogre
  7624 | D:8      | Reached skill level 11 in Armour
  7624 | D:8      | Reached XP level 10. HP: 55/58 MP: 12/12
  7715 | D:8      | Reached skill level 5 in Fighting
  8353 | D:8      | Found an opulent altar of Gozag.
  8688 | D:8      | Acquired a manual of Ranged Weapons
  8933 | D:8      | Reached skill level 1 in Ranged Weapons
  8952 | D:8      | Received a gift from Trog
  9183 | D:9      | Reached skill level 10 in Long Blades
  9237 | D:9      | Reached skill level 5 in Ranged Weapons
  9323 | D:9      | Found a flagged portal.
  9371 | Bailey   | Entered a bailey
  9952 | Bailey   | Reached XP level 11. HP: 57/66 MP: 13/13
 10137 | Bailey   | Identified the +2 triple sword "Niut" {vamp, rPois rC+ MP-9
                  | Dex+2}
 10146 | Bailey   | Noticed an orc knight
 10170 | Bailey   | HP: 1/66 [poisoned by you (poison gas)]
 10330 | Bailey   | Killed an orc knight
 10505 | Bailey   | Identified the +5 triple crossbow "Viyddeist" {heavy, rElec
                  | Dex-3 SInv Stlth+}
 10518 | D:9      | Acquired 1245 gold pieces
 10619 | D:6      | Bought a +6 ring of strength for 468 gold pieces
 10619 | D:6      | Bought a +4 ring of protection for 468 gold pieces
 10860 | D:9      | Found a glowing golden altar of the Shining One.
 11591 | D:10     | Entered Level 10 of the Dungeon
 11608 | D:10     | Noticed Erica
 11617 | D:10     | Killed Erica
 11791 | D:10     | Found an ornate altar of the Wu Jian Council.
 11831 | D:10     | Noticed Psyche
 11841 | D:10     | Killed Psyche
 11936 | D:10     | Reached skill level 12 in Armour
 11939 | D:10     | HP: 3/67 [centaur/arrow (9)]
 12314 | D:10     | Slain by a komodo dragon

Illustrated notes

Levels and vault maps discovered:
D:1:      dpeg_arrival_radiant, layout_loops_cross, serial_bayou,
          serial_bayou_pond_a, serial_bayou_shore_a, serial_bayou_lake_a,
          serial_bayou_lagoon_a, minmay_cupped
D:2:      layout_basic, dreamdust_princess_bridge, dk_noncrumbling_3
D:3:      layout_loops_ring, hellmonk_ecumenical_altar_dog_temple,
          minmay_cut_off
D:4:      layout_cave_pools, marbit_many_paths, mainiacjoe_overflow_catwalk,
          cheibriados_altar_1, kennysheep_cluttered_room
D:5:      layout_cave_pools, mainiacjoe_overflow_alcove_4
D:6:      layout_loops_ring, lemuel_doored_altar, temple_pool_b, serial_shops,
          nicolae_shop_stone, portal_sewer_entry_b
D:7:      layout_loops_ring, kennysheep_decorative_pillar,
          minmay_unpleasant_kobolds, uniq_pikel, uniq_joseph
D:8:      minmay_angry_zag, layout_cave_pods,
          nicolae_gozag_cash_rules_everything_around_me, kennysheep_potato
D:9:      lemuel_ice_spiral_2, layout_basic, mainiacjoe_overflow_boulevard,
          enter_bailey_5, patterned_corridor
D:10:     lemuel_reptile_caves, layout_gridville,
          pdpol_wu_jian_five_deadly_venoms, kennysheep_small_square,
          uniq_psyche, uniq_erica

Skill      XL: |  1  2  3  4  5  6  7  8  9 10 11 |
---------------+----------------------------------+-----
Long Blades    | 3 4 6 7 9 10 11 | 11.2
Dodging        | 3 4 |  4.5
Fighting       | 3 4 6 7 |  7.6
Armour         | 2 3 6 8 11 12 | 12.1
Ranged Weapons | 7 |  7.5

Action                     |  1- 3 |  4- 6 |  7- 9 | 10-12 || total
---------------------------+-------+-------+-------+-------++-------
  Melee: Falchion          |    19 |       |       |       ||    19
         Long sword        |   113 |   196 |   420 |   411 ||  1140
         Punch             |     3 |     3 |     8 |    16 ||    30
         Great sword       |       |       |       |    54 ||    54
         Scimitar          |       |       |       |     4 ||     4
         Unarmed           |       |       |       |     4 ||     4
   Fire: Shortbow          |       |       |       |    16 ||    16
         Triple crossbow   |       |       |       |    16 ||    16
  Throw: Throwing net      |       |       |     1 |       ||     1
         Dart              |       |       |     1 |     1 ||     2
 Invoke: Berserk           |       |     2 |     4 |     7 ||    13
         Trog's Hand       |       |       |       |     2 ||     2
  Evoke: Wand              |       |       |       |    11 ||    11
    Use: Potion            |     1 |     3 |       |     7 ||    11
         Scroll            |       |    14 |    10 |     9 ||    33
   Stab: Sleeping          |     2 |     2 |       |       ||     4
         Held in net/web   |       |       |     1 |       ||     1
         Invisible         |       |       |       |     1 ||     1
 Armour: Animal skin       |    28 |    13 |       |       ||    41
         Skin              |       |    25 |       |    10 ||    35
         Chain mail        |       |    73 |   271 |   320 ||   664
  Dodge: Dodged            |    94 |   104 |   185 |   310 ||   693
